 Dungeon Crawl Stone Soup version 0.18-a0-884-gb6cfd45 (webtiles) character file.

35 Jmtri7 the Vexing (level 3, 0/19 HPs)
             Began as a Deep Elf Enchanter on Dec 23, 2015.
             Slain by a goblin (2 damage)
             ... on level 2 of the Dungeon.
             The game lasted 00:09:07 (1237 turns).

Jmtri7 the Vexing (Deep Elf Enchanter)              Turns: 1237, Time: 00:09:07

Health: 0/19       AC:  3    Str:  5    XL:     3   Next: 16%
Magic:  4/10       EV: 13    Int: 20    God:
Gold:   71         SH:  0    Dex: 15    Spells: 2 memorised, 5 levels left

rFire  . . .     SeeInvis .     e - +3 hand axe
rCold  . . .     Gourm    .     b - +1 robe
rNeg   . . .     Faith    .     (no shield)
rPois  .         Spirit   .     (no helmet)
rElec  .         Dismiss  +     (no cloak)
rCorr  .         Reflect  .     (no gloves)
SustAt .         Harm     .     (no boots)
MR     .....                    j - amulet of dismissal
Stlth  +++.......               (no ring)
                                (no ring)

@: lethally poisoned (0 -> -6), not resistant to hostile enchantments, fairly
stealthy
A: no striking features
a: no special abilities


You were on level 2 of the Dungeon.
You were not hungry.

You visited 1 branch of the dungeon, and saw 2 of its levels.

You collected 71 gold pieces.

Inventory:

Hand Weapons
 a - a +1 dagger
 e - a +3 hand axe (weapon)
Armour
 b - a +1 robe (worn)
Jewellery
 j - an amulet of dismissal (around neck)
Scrolls
 f - 5 scrolls of identify {unknown}
 i - a scroll of recharging {unknown}
 m - a scroll of teleportation {unknown}
 o - a scroll of remove curse {unknown}
 q - a scroll of fog {unknown}
Potions
 g - a potion of agility {unknown}
 h - a potion of cure mutation {unknown}
 k - a potion of ambrosia {unknown}
 l - a potion of cancellation {unknown}
 n - a potion of brilliance {unknown}
 p - 2 potions of curing {unknown}
Books
 c - a book of Maledictions

   Spells                             Type                      Level
   a - Corona                         Hexes                        1
   b - Ensorcelled Hibernation        Hexes/Ice                    2
   c - Confuse                        Hexes                        3
   d - Tukima's Dance                 Hexes                        3
   e - Dazzling Spray                 Conjuration/Hexes            3
Comestibles
 d - 2 bread rations


   Skills:
 - Level 1.0 Short Blades
 - Level 2.4 Dodging
 + Level 4.1 Stealth
 + Level 3.7 Spellcasting
 + Level 4.8 Hexes


You had 5 spell levels left.
You knew the following spells:

 Your Spells              Type           Power        Failure   Level  Hunger
a - Corona                Hex            ###....      1%          1    None
b - Tukima's Dance        Hex            ###.....     8%          3    ###....


Dungeon Overview and Level Annotations

Branches:
Dungeon (2/15)

Altars:


Message History

Confirm with . or Enter, or press ? or * to list all spells.
Aiming: Tukima's Dance
Press: ? - help, Shift-Dir - straight line, f/p - goblin
Aim: a goblin (chance to defeat MR: 95%)
The goblin's hands twitch.
The adder bites you but does no damage. The kobold hits you.
* * * LOW HITPOINT WARNING * * *
The goblin hits you.
* * * LOW HITPOINT WARNING * * *
The giant gecko misses you.
You miss the giant gecko.
The giant gecko is severely wounded.
You miss the kobold. You hit the adder but do no damage.
The adder is moderately wounded.
You hit the goblin.
The goblin is almost dead.
* * * LOW HITPOINT WARNING * * *
You feel sick. The adder closely misses you. The kobold closely misses you.
The giant gecko closely misses you. The goblin hits you.
You die...

#.## #... ...
#.. .. #.. ..
#.# .# . #.# .#
...
###.####.##....
#>.....Sg......
#.#....@l......
#.####..K.#....
#.# #....# . #.#
#....#.# #.#
#....#.# #.#
##..##.#
#.#####..##.####
#...............
#.#####..##.###


You could see an adder, a giant gecko, a goblin and a kobold.

Vanquished Creatures
  3 giant geckos
  4 giant cockroaches (D:1)
  4 hobgoblins
  3 jackals (D:1)
  A ball python (D:1)
  3 bats (D:1)
  A giant newt (D:1)
  5 goblins
  2 kobolds (D:1)
  5 rats
31 creatures vanquished.

Notes
Turn   | Place    | Note
--------------------------------------------------------------
     0 | D:1      | Jmtri7 the Deep Elf Enchanter began the quest for the Orb.
     0 | D:1      | Reached XP level 1. HP: 10/10 MP: 6/6
   121 | D:1      | Reached XP level 2. HP: 3/15 MP: 8/8
   764 | D:1      | Reached XP level 3. HP: 16/19 MP: 10/10
  1228 | D:2      | Learned a level 3 spell: Tukima's Dance
  1237 | D:2      | Slain by a goblin

Vault maps used:
D:1:      lightli_arrival_isolated_outpost, hangedman_decor_points
D:2:      kennysheep_cross_room

Action                   || total
-------------------------++-------
Melee: Hand axe          ||    84
 Cast: Corona            ||     4
       Tukima's Dance    ||     2
 Stab: Sleeping          ||     2
  Eat: Bread ration      ||     1
